 Dungeon Crawl Stone Soup version 0.29.1-2-gbd0b4ee654 (webtiles) character file.

Game seed: 7763617295650060121

110 Lutefisk the Scratcher (level 4, -3/22 HPs)
             Began as a Felid Transmuter on Nov 19, 2022.
             Killed from afar by a white imp (7 damage)
             ... with a puff of frost
             ... on level 5 of the Dungeon.
             The game lasted 00:18:04 (3873 turns).

Lutefisk the Scratcher (Felid Transmuter)           Turns: 3873, Time: 00:18:05

Health: -3/22      AC:  1    Str:  6    XL:     4   Next: 61%
Magic:  7/8        EV: 18    Int: 14    God:
Gold:   146        SH:  0    Dex: 19    Spells: 1/7 levels left
                                        Lives:  0   Deaths: 1

rFire   . . .      SeeInvis +     - Unarmed
rCold   . . .      Faith    .   (shield unavailable)
rNeg    . . .      Spirit   .   (body armour unavailable)
rPois   .          Reflect  .   (helmet unavailable)
rElec   .          Harm     .   (cloak unavailable)
rCorr   .          Rampage  .   (gloves unavailable)
Will    .....                   (boots unavailable)
Stlth   ++........              (no amulet)
HPRegen 0.07/turn               (no ring)
MPRegen 0.11/turn               (no ring)

@: appendages, quick
A: horns 2, very small, claws 1, fangs 3, see invisible, speed 1, shaggy fur 1,
stealthy paws, no weapons or thrown items, no armour, multi-lived
a: End Transformation


You were on level 5 of the Dungeon.
You had temporarily grown beastly horns.
You visited 1 branch of the dungeon, and saw 5 of its levels.

You collected 146 gold pieces.

Inventory:

Jewellery
 n - an amulet of guardian spirit
Wands
 e - a wand of flame (10)
Scrolls
 c - 2 scrolls of vulnerability {unknown}
 d - 2 scrolls of immolation {unknown}
 g - a scroll of enchant armour {unknown}
 h - a scroll of poison {unknown}
 j - a scroll of teleportation {unknown}
 l - a scroll of fear {unknown}
 o - a scroll of identify {unknown}
Potions
 a - 2 potions of lignification
 b - a potion of flight {unknown}
 f - a potion of degeneration {unknown}
 i - 2 potions of curing {unknown}
 k - 2 potions of brilliance {unknown}
 m - a potion of attraction {unknown}


   Skills:
 * Level 3.8 Fighting
 - Level 3.0 Dodging
 * Level 2.0 Stealth
 - Level 4.0 Unarmed Combat
 - Level 2.0 Spellcasting
 - Level 2.1 Transmutations
 - Level 2.0 Poison Magic


You had one spell level left.
You knew the following spells:

 Your Spells              Type           Power      Damage    Failure   Level
a - Beastly Appendage     Tmut           14%        N/A       10%         1
b - Wereblood             Tmut           7%         N/A       14%         2
c - Spider Form           Tmut/Pois      7%         N/A       30%         3

Your spell library contained the following spells:

 Spells                   Type           Power      Damage    Failure   Level
 Ice Form                 Ice/Tmut       4%         N/A       83%         4


Dungeon Overview and Level Annotations

Branches:
Dungeon (5/15)
 Temple: D:4-7

Altars:
Zin

Annotations:
D:4 4 runed translucent doors, Ijyb


Innate Abilities, Weirdness & Mutations

You have temporarily grown beastly horns.
You have sharp claws.
You have razor-sharp teeth.
You have supernaturally acute eyesight. (SInv)
You cover ground quickly. (Speed+)
You are covered in fur. (AC +1)
Your paws help you pounce on unaware monsters.
You are incapable of wielding weapons or throwing items.
You cannot wear armour.
You gain extra lives every three experience levels.


Message History

There is an entrance to a sewer on this level.
Hurry and find it before the portal rusts away!
There is a stone staircase leading up here.
Found a scroll labelled CINO YDGHALY.
o - a scroll labelled CINO YDGHALY
Okay, then.
Unknown command.
Found a stone staircase leading down.
There is a stone staircase leading down here.
Found 6 gold pieces.
You now have 146 gold pieces (gained 6).
A white imp comes into view.
Found 5 gold pieces.
The white imp shouts, "Succumb, thou hateful ill-breeding prigger-of-prances!"
Casting: Beastly Appendage (safe; 10% risk of failure)
Confirm with . or Enter, or press ? or * to list all spells.
You miscast Beastly Appendage.
You are very lightly contaminated with residual magic.
Nothing appears to happen.
Casting: Beastly Appendage (safe; 10% risk of failure)
Confirm with . or Enter, or press ? or * to list all spells.
You grow a pair of large bovine horns.
The white imp gestures at you. The puff of frost hits you!
You scratch the white imp but do no damage.
The white imp gestures at you. The puff of frost hits you!
* * * LOW HITPOINT WARNING * * *
The white imp laughs crazily.
You scratch the white imp but do no damage.
You headbutt the white imp, but do no damage.
The white imp hits you but does no damage.
Your magical contamination has completely faded away.
You claw the white imp!
The white imp is severely wounded.
The white imp misses you.
You closely miss the white imp.
The white imp is severely wounded.
The white imp gestures at you. The puff of frost hits you!
You die...

#.# #.# #$#
#.# #.# # #.#
.#
#.#####.####
#.##........
#.5@....#
####.#..# ##.
#.# ####.
#... #.#..
#... #.#. #.#
.##.#.####.#.
#.#
............
#.# .
......... #.#
#.#. #.....
#.#
#.#.##.....


You could see a white imp.

Vanquished Creatures
  A sky beast (D:4)
  4 adders
  3 worms
  3 dart slugs
  An orc (D:4)
  7 ball pythons
  4 endoplasms
  6 hobgoblins
  6 jackals
  A quokka (D:3)
  8 bats
  8 frilled lizards
  4 goblins
  6 kobolds
  7 rats
69 creatures vanquished.

Notes
Turn   | Place    | Note
-------+----------+-------------------------------------------
     0 | D:1      | Lutefisk the Felid Transmuter began the quest for the Orb.
     0 | D:1      | Reached XP level 1. HP: 9/9 MP: 4/4
   204 | D:1      | Reached skill level 1 in Stealth
   416 | D:1      | Reached XP level 2. HP: 13/13 MP: 6/6
   671 | D:1      | Learned a level 2 spell: Wereblood
   717 | D:1      | Found a faded altar of an unknown god.
   839 | D:2      | Reached XP level 3. HP: 16/16 MP: 7/7
  1126 | D:2      | Found a glowing silver altar of Zin.
  1132 | D:2      | Learned a level 3 spell: Spider Form
  1785 | D:2      | Identified the +9 long sword of Megalomania {speed, rElec
                  | rCorr}
  1900 | D:2      | Reached XP level 4. HP: 15/21 MP: 8/8
  2413 | D:3      | Identified the +2 scale mail of the Twenty Friars {Stlth+}
  2848 | D:4      | Noticed Ijyb
  2920 | D:4      | Reached skill level 1 in Poison Magic
  2937 | D:4      | Noticed a phantom
  3222 | D:4      | Found a large runed translucent door.
  3222 | D:4      | Found a large runed translucent door.
  3227 | D:4      | Noticed a centaur
  3230 | D:4      | Found a large runed translucent door.
  3230 | D:4      | Found a large runed translucent door.
  3252 | D:4      | Noticed a bullfrog
  3266 | D:4      | Noticed a sky beast
  3309 | D:4      | Killed a sky beast
  3310 | D:4      | Reached skill level 4 in Unarmed Combat
  3310 | D:4      | Reached XP level 5. HP: 14/25 MP: 7/9
  3740 | D:4      | Killed from afar by Ijyb
  3741 | D:4      | Reached XP level 4. HP: -9/22 MP: 8/8
  3821 | D:5      | Entered Level 5 of the Dungeon
  3873 | D:5      | Killed from afar by a white imp

Illustrated notes

Levels and vault maps discovered:
D:1:      wander_arrival_abandoned_jail, layout_basic,
          shapermc_ecumenical_altar_acropolis, minivault_23
D:2:      layout_basic, basic_altar, kennysheep_generic_room_8
D:3:      layout_basic
D:4:      layout_basic, kennysheep_mini_moat, minmay_hollow_rounded_squares,
          uniq_ijyb
D:5:      kennysheep_spiral_hall, layout_loops_ring, lemuel_crystal_altar,
          gup_sewer_entry_bubbles, minmay_gold_behind_fungi

Skill      XL: |  1  2  3  4 |
---------------+-------------+-----
Stealth        | 1 2 |  2.0
Fighting       | 2 3 |  3.8
Dodging        | 3 |  3.0
Poison Magic   | 2 |  2.0
Unarmed Combat | 4 |  4.0
Spellcasting   | |  2.0
Transmutations | |  2.1

Action                   |  1- 3 |  4- 6 || total
-------------------------+-------+-------++-------
Melee: Unarmed           |   113 |    89 ||   202
       Bite              |    17 |     9 ||    26
       Headbutt          |     8 |     6 ||    14
       Punch             |     3 |     2 ||     5
 Cast: Beastly Appendage |    18 |     7 ||    25
       Spider Form       |       |     1 ||     1
       Wereblood         |       |     1 ||     1
 Stab: Sleeping          |     9 |     4 ||    13
Armor: Skin              |     7 |     6 ||    13
Dodge: Dodged            |    61 |    49 ||   110
